 Dungeon Crawl Stone Soup version 0.29-a0-8-g0446c0dae4 (webtiles) character file.

Game seed: 10539781933444331333

225 testman the Cudgeller (level 5, -5/54 HPs)
             Began as a Troll Berserker on Jan 27, 2022.
             Was a Priest of Trog.
             Slain by Edmund (8 damage)
             ... on level 4 of the Dungeon.
             The game lasted 00:09:45 (2381 turns).

testman the Cudgeller (Troll Berserker)             Turns: 2381, Time: 00:09:45

Health: -5/54      AC:  6    Str: 27    XL:     5   Next: 68%
Magic:  4/4        EV: 10    Int:  3    God:    Trog [***...]
Gold:   113        SH:  0    Dex:  9    Spells: 4/4 levels left

rFire   + . .      SeeInvis .   a - +1 mace
rCold   . . .      Faith    +   (no shield)
rNeg    . . .      Spirit   .   b - +0 animal skin
rPois   +          Reflect  .   (helmet restricted)
rElec   .          Harm     .   j - +1 cloak {rPois}
rCorr   .          Rampage  .   (gloves unavailable)
Will    .....                   (boots unavailable)
Stlth   +.........              r - amulet of faith
HPRegen 0.98/turn               k - ring of protection from fire
MPRegen 0.09/turn               (no ring)

@: lethally poisoned (-5 -> -5), on berserk cooldown, slowed, very slow
A: large, unfitting armour, claws 3, regeneration 1, shaggy fur 1, tough skin 1
a: Renounce Religion, Berserk, Trog's Hand


You were on level 4 of the Dungeon.
You worshipped Trog.
Trog was most pleased with you.
You visited 1 branch of the dungeon, and saw 4 of its levels.

You collected 168 gold pieces.
You spent 55 gold pieces at shops.

Inventory:

Hand Weapons
 a - a +1 mace (weapon)
 g - a +0 hunting sling
Missiles
 f - 94 stones (quivered)
 l - a throwing net
 t - 9 poisoned darts
Armour
 b - a +0 animal skin (worn)
 j - a +1 cloak of poison resistance (worn)
Jewellery
 k - a ring of protection from fire (left claw)
 r - an amulet of faith (around neck)
 s - a ring of fire
 v - a ring of poison resistance
Wands
 p - a wand of mindburst (7)
Scrolls
 c - 3 scrolls of vulnerability
 e - a scroll of fear {unknown}
 h - 3 scrolls of teleportation
 i - a scroll of enchant weapon
 n - a scroll of magic mapping {unknown}
 o - a scroll of enchant armour {unknown}
 q - a scroll of immolation {unknown}
Potions
 d - a potion of berserk rage
 m - a potion of lignification
 u - a potion of mutation {unknown}
 w - 2 potions of ambrosia {unknown}


   Skills:
 + Level 4.1 Fighting
 + Level 4.5 Maces & Flails
 - Level 2.4 Dodging


You had 4 spell levels left.
You didn't know any spells.
Your spell library was empty.

Dungeon Overview and Level Annotations

Branches:
Dungeon (4/15)
 Temple: D:4-7

Altars:
Gozag

Shops:
D:2 ?   D:3 *

Annotations:
D:4 Edmund


Innate Abilities, Weirdness & Mutations

You are too large for most types of armour.
You have claws for hands.
Your natural rate of healing is unusually fast.
You are covered in fur. (AC +1)
You have tough skin. (AC +1)


Message History

You are poisoned.
You hit Edmund but do no damage.
Edmund is severely wounded.
You feel very sick.
Edmund hits you with a +0 flail of venom.
Edmund hits you with a +0 flail of venom!
You are too injured to fight recklessly!
You are too injured to fight recklessly!
You closely miss Edmund. You claw Edmund, but do no damage.
Edmund is severely wounded.
You feel very sick. Edmund hits you but does no damage.
You barely miss Edmund.
Edmund is severely wounded.
You feel very sick. Edmund closely misses you. Edmund barely misses you.
You hit Edmund.
Edmund is severely wounded.
You feel sick. Edmund closely misses you. x2
You closely miss Edmund.
Edmund is severely wounded.
You feel sick. Edmund completely misses you.
Edmund says, "You wouldn't believe how much I paid for this flail."
Edmund hits you with a +0 flail of venom.
You are more poisoned.
You barely miss Edmund.
Edmund is severely wounded.
You feel very sick. Edmund misses you.
You hit Edmund but do no damage.
Edmund is severely wounded.
You feel very sick.
Edmund hits you with a +0 flail of venom!
* * * LOW HITPOINT WARNING * * *
Edmund misses you.
You thump Edmund!
Edmund is almost dead.
You feel sick.
Edmund hits you with a +0 flail of venom!
You die...

..####.#...####..#...#
.....................#
........>.....#..#....
.......##.####..#...#
.......##.# #..##..#
#######.###.####..##...
.......................
.###.............##..#
#...@.............^..
......@...#..#####.##..#
.......#...........###.#
...#.#.##.##....##.# #.#
.. #.#. #.##....##.# #..
# # #. #.......##.# #..
#. ........##.# #.# #.
#..#....##.# #.#
#......)...###.#


You could see Edmund.

Vanquished Creatures
  A necrophage (D:4)
  5 adders
  2 worms (D:3)
  2 dart slugs
  7 orcs
  6 endoplasms
  6 giant cockroaches
  6 goblins
  4 hobgoblins
  2 jackals
  3 quokkas
  4 ball pythons
  7 bats
  5 frilled lizards
  9 kobolds
  8 rats
77 creatures vanquished.

Notes
Turn   | Place    | Note
-------+----------+-------------------------------------------
     0 | D:1      | testman the Troll Berserker began the quest for the Orb.
     0 | D:1      | Reached XP level 1. HP: 22/22 MP: 0/0
    65 | D:1      | Found a faded altar of an unknown god.
   226 | D:1      | Reached XP level 2. HP: 27/29 MP: 1/1
   602 | D:1      | Reached XP level 3. HP: 36/37 MP: 2/2
   957 | D:2      | Reached ** piety under Trog
  1347 | D:2      | Found Iwnu's Magic Scroll Boutique.
  1375 | D:2      | Reached XP level 4. HP: 45/45 MP: 3/3
  1379 | D:2      | Bought a scroll of teleportation for 33 gold pieces
  1380 | D:2      | Bought a scroll of identify for 22 gold pieces
  1661 | D:3      | Found an opulent altar of Gozag.
  1665 | D:3      | Found Gozag's Platinum Reserve.
  2167 | D:4      | Noticed a necrophage
  2174 | D:4      | Reached XP level 5. HP: 54/54 MP: 4/4
  2180 | D:4      | Killed a necrophage
  2182 | D:4      | Reached *** piety under Trog
  2359 | D:4      | Noticed Edmund
  2381 | D:4      | Slain by Edmund

Illustrated notes

Levels and vault maps discovered:
D:1:      minmay_arrival_jagged, layout_loops_corners,
          hellmonk_ecumenical_altar_pennies_from_heaven, minmay_split_cup_small
D:2:      layout_basic, serial_shops, shop,
          nicolae_concentric_dashed_squares_wild, minmay_ruptured
D:3:      layout_loops_ring, nicolae_gozag_zags_fifth_avenue
D:4:      layout_basic, st_stairs_2, minmay_misc_feat_cross,
          minmay_fractal_squares_gapless_5, uniq_edmund

Skill      XL: |  1  2  3  4  5 |
---------------+----------------+-----
Maces & Flails | 3 4 |  4.5
Fighting       | 3 4 |  4.1
Dodging        | |  2.4

Action                   |  1- 3 |  4- 6 || total
-------------------------+-------+-------++-------
Melee: Mace              |   159 |    96 ||   255
       Punch             |     2 |     1 ||     3
Invok: Berserk           |       |     2 ||     2
  Use: Scroll            |       |     4 ||     4
 Stab: Sleeping          |     2 |       ||     2
Armor: Animal skin       |    57 |    33 ||    90
Dodge: Dodged            |    81 |    50 ||   131

Table legend: (Time is in decaauts)
 A = Elapsed time spent in this place.
 B = Non-inter-level travel time spent in this place.
 C = Inter-level travel time spent in this place.
 D = Time resting spent in this place.
 E = Time spent auto-exploring this place.
 F = Levels seen in this place.
 G = Mean time per level.
                   A        B        C        D        E       F      G
               +--------+--------+--------+--------+--------+-----+--------+
         Total |   2445 |   2302 |    143 |     14 |   1655 |   4 |  611.2 |
       Dungeon |   2445 |   2302 |    143 |     14 |   1655 |   4 |  611.2 |
               +--------+--------+--------+--------+--------+-----+--------+

Top non-repeatable levels by time:
     D:1: 894 daAuts
     D:3: 618 daAuts
     D:2: 568 daAuts
     D:4: 364 daAuts
